 Dungeon Crawl Stone Soup version 0.31-a0-219-g8d62b2e7bb (webtiles) character file.

Game seed: 15203429315264390644

590 pokeman the Magician (level 7, -15/39 HPs)
             Began as a Deep Elf Hedge Wizard on July 3, 2023.
             Demolished by Duvessa
             ... wielding a +4 short sword of venom
              (18 damage)
             ... on level 4 of the Dungeon.
             The game lasted 00:08:17 (4014 turns).

pokeman the Magician (Deep Elf Hedge Wizard)        Turns: 4014, Time: 00:08:17

Health: -15/39     AC:  3    Str:  7    XL:     7   Next: 15%
Magic:  18/29      EV: 13    Int: 21    God:
Gold:   207        SH:  0    Dex: 14    Spells: 8/21 levels left

rFire   + . .        a - +0 dagger
rCold   . . .        (no shield)
rNeg    . . .        b - +0 robe
rPois   .            c - +0 hat
rElec   .            (no cloak)
rCorr   .            (no gloves)
SInv    .            x - +0 pair of boots
Will    .....        (no amulet)
Stlth   ++           l - ring of protection from fire
HPRegen 0.26/turn    n - ring of magical power
MPRegen 0.21/turn

%: no passive effects
@: no status effects
A: no striking features
a: no special abilities


You were on level 4 of the Dungeon.
You visited 1 branch of the dungeon, and saw 4 of its levels.

You collected 207 gold pieces.

Inventory:

Hand Weapons
 a - a +0 dagger (weapon)
Armour
 b - a +0 robe (worn)
 c - a +0 hat (worn)
 x - a +0 pair of boots (worn)
Magical Staves
 v - a staff of poison
Jewellery
 l - a ring of protection from fire (left hand)
 m - an amulet of faith
 n - a ring of magical power (right hand)
 p - a ring of willpower
Wands
 q - a wand of mindburst (1)
 t - a wand of flame (9)
Scrolls
 e - 2 scrolls of revelation {unknown}
 h - a scroll of enchant weapon {unknown}
 i - a scroll of noise {unknown}
 k - 4 scrolls of identify {unknown}
 u - a scroll of amnesia {unknown}
 w - a scroll of vulnerability {unknown}
Potions
 d - a potion of magic
 f - 2 potions of might {unknown}
 g - a potion of invisibility {unknown}
 j - a potion of lignification {unknown}
 o - a potion of berserk rage {unknown}
 r - a potion of haste {unknown}
 s - 2 potions of mutation {unknown}


   Skills:
 + Level 1.7 Fighting
 - Level 1.0 Armour
 - Level 3.1 Dodging
 - Level 3.3 Stealth
 * Level 7.7 Spellcasting
 + Level 3.8 Conjurations
 - Level 1.1 Summonings
 - Level 1.1 Translocations
 + Level 1.7 Ice Magic
 - Level 1.0 Air Magic
 - Level 1.1 Poison Magic
 - Level 1.0 Evocations


You had 8 spell levels left.
You knew the following spells:

 Your Spells              Type           Power      Damage    Failure   Level
a - Magic Dart            Conj           96%        1d7       1%          1
b - Mephitic Cloud        Conj/Pois/Air  16%        N/A       11%         3
c - Call Imp              Summ           24%        N/A       8%          2
d - Blink                 Tloc           24%        N/A       8%          2
e - Freezing Cloud        Conj/Ice/Air   8%         6-21      67%         5

Your spell library contained the following spells:

 Spells                   Type           Power      Damage    Failure   Level
 Apportation              Tloc           24%        N/A       5%          1
 Lesser Beckoning         Tloc           24%        N/A       8%          2
 Poisonous Vapours        Pois/Air       24%        N/A       8%          2
 Necrotise                Necr           32%        1d5       9%          1
 Slow                     Hex            32%        N/A       9%          1
 Cigotuvi's Dreadful Rot  Necr/Pois/Air  22%        N/A       10%         2
 Gell's Gravitas          Tloc           12%        N/A       16%         3
 Teleport Other           Tloc           12%        N/A       16%         3
 Vampiric Draining        Necr           8%         2d6       24%         3
 Alistair's Intoxication  Tmut/Pois      6%         N/A       88%         5
 Agony                    Necr           8%         N/A       92%         5


Dungeon Overview and Level Annotations

Branches:
Dungeon (4/15)
 Temple: D:4-7

Altars:
Fedhas

Annotations:
D:4 Duvessa


Message History

Confirm with . or Enter, or press ? or * to list all spells.
Aiming: Magic Dart (safe; 1% risk of failure)
Press: ? - help, Shift-Dir - straight line, f/p - Duvessa
Aim: Duvessa, wielding a +4 short sword of venom and wearing a +0 chain mail (severely wounded, berserk, confused, very poisoned, 100% to hit)
The magic dart hits Duvessa.
Duvessa is severely wounded.
Unknown command.
Casting: Magic Dart (safe; 1% risk of failure)
Confirm with . or Enter, or press ? or * to list all spells.
A tiny devil pulls itself out of the air.
Duvessa closely misses you.
Duvessa hits your cerulean imp with a +4 short sword of venom.
Unknown command.
Your cerulean imp hits Duvessa but does no damage.
Your cerulean imp hits Duvessa but does no damage.
Casting: Call Imp (safe; 8% risk of failure)
Confirm with . or Enter, or press ? or * to list all spells.
Aiming: Magic Dart (safe; 1% risk of failure)
Press: ? - help, Shift-Dir - straight line, f/p - Duvessa
Aim: Duvessa, wielding a +4 short sword of venom and wearing a +0 chain mail (almost dead, berserk, confused, poisoned, ally target, 100% to hit)
The magic dart hits Duvessa but does no damage.
Duvessa is almost dead.
Your cerulean imp hits Duvessa but does no damage.
You barely miss Duvessa.
Duvessa is almost dead.
Duvessa closely misses you.
Your cerulean imp completely misses Duvessa.
You hit Duvessa but do no damage.
Duvessa is almost dead.
You catch the helpless Duvessa completely off-guard!
You hit Duvessa.
Duvessa is almost dead.
Duvessa hits you with a +4 short sword of venom!
* * * LOW HITPOINT WARNING * * *
Your cerulean imp hits Duvessa but does no damage.
Your cerulean imp hits Duvessa with a -3 spear.
You hit Duvessa but do no damage.
Duvessa is almost dead.
Duvessa hits you with a +4 short sword of venom!!
You die...

#.##.##......!.## #####
<............#..#####....#
##......## #.##..........#
#........###.....##.)....#
.P........P...##.##.#....#
.P.P.♣~~......##.#..######
....≈~≈~≈.PPP.##...##
...≈≈≈~~~≈~...##<.##
..~~~≈~~~~≈~..##@5#
#.~~~~≈~≈≈≈~..##.e#
..P~≈≈≈~~~..P.##..#
..P.~≈≈≈~.........#
.....~~~.P....#...#
.P.P.P.~~..P..#...#
.PP....~~[....#.#.#
#.PP......P...#.#.#
........#####.#.#.#


You could see Duvessa (berserk, confused, poisoned, ally target) and a friendly
cerulean imp (summoned).

Vanquished Creatures
  An ogre (D:3)
  A scorpion (D:4)
  A jelly (D:4)
  A hound (D:3)
  2 orc priests (D:4)
  2 orc wizards (D:3)
  3 gnolls (D:4)
  12 adders
  A worm (D:3)
  5 dart slugs
  5 orcs
  3 bats
  7 endoplasms
  3 goblins
  6 hobgoblins
  4 quokkas
  10 ball pythons
  5 frilled lizards
  6 kobolds
  7 rats
85 creatures vanquished.

Vanquished Creatures (collateral kills)
  Dowan (D:4)
1 creature vanquished.

Grand Total: 86 creatures vanquished

Notes
Turn   | Place    | Note
-------+----------+-------------------------------------------
     0 | D:1      | pokeman the Deep Elf Hedge Wizard began the quest for the
                  | Orb.
     0 | D:1      | Reached XP level 1. HP: 10/10 MP: 7/7
   376 | D:1      | Reached XP level 2. HP: 16/16 MP: 2/9
  1136 | D:2      | Reached skill level 5 in Spellcasting
  1203 | D:2      | Reached XP level 3. HP: 20/20 MP: 4/11
  1207 | D:2      | Learned a level 3 spell: Mephitic Cloud
  1210 | D:2      | Learned a level 2 spell: Call Imp
  1213 | D:2      | Learned a level 2 spell: Blink
  1435 | D:2      | Reached skill level 1 in Fighting
  1491 | D:2      | Reached skill level 1 in Armour
  1665 | D:2      | Reached XP level 4. HP: 25/25 MP: 13/13
  1972 | D:3      | Noticed an ogre
  2004 | D:3      | Killed an ogre
  2005 | D:3      | Reached skill level 6 in Spellcasting
  2005 | D:3      | Reached XP level 5. HP: 13/29 MP: 4/15
  2495 | D:3      | Reached skill level 1 in Evocations
  2495 | D:3      | Reached XP level 6. HP: 34/34 MP: 17/17
  2692 | D:3      | Reached skill level 1 in Air Magic
  2692 | D:3      | Reached skill level 1 in Poison Magic
  2841 | D:3      | Learned a level 5 spell: Freezing Cloud
  2954 | D:3      | Found a faded altar of an unknown god.
  3360 | D:4      | Reached skill level 7 in Spellcasting
  3512 | D:4      | Reached skill level 1 in Ice Magic
  3698 | D:4      | Found a blossoming altar of Fedhas.
  3871 | D:4      | Reached XP level 7. HP: 32/38 MP: 20/20
  3961 | D:4      | Noticed Dowan
  3962 | D:4      | Noticed Duvessa
  3988 | D:4      | Killed Dowan
  4014 | D:4      | Demolished by Duvessa

Illustrated notes

Levels and vault maps discovered:
D:1:      psy_arrival_conway, layout_basic
D:2:      layout_basic, grunt_ministairs_6
D:3:      layout_loops_ring, ebering_ecumenical_altar_petrified,
          grunt_decor_one_mirror, minmay_misc_feat_hallway, minmay_starry_boxes
D:4:      layout_rooms, mainiacjoe_overflow_boulevard, st_stairs_7, minivault_4,
          guppyfry_early_lair_pool, uniq_duvessa

Skill      XL: |  1  2  3  4  5  6 |
---------------+-------------------+-----
Spellcasting   | 5 6 7 |  7.7
Fighting       | 1 |  1.7
Conjurations   | 2 3 |  3.8
Armour         | 1 |  1.0
Dodging        | 3 |  3.1
Stealth        | 3 |  3.3
Evocations     | 1 |  1.0
Air Magic      | 1 |  1.0
Poison Magic   | 1 |  1.1
Ice Magic      | 1 |  1.7
Summonings     | |  1.1
Translocations | |  1.1

Action                     |  1- 3 |  4- 6 |  7- 9 || total
---------------------------+-------+-------+-------++-------
  Melee: Dagger            |     1 |    33 |    16 ||    50
         Punch             |       |       |     1 ||     1
   Cast: Magic Dart        |    86 |   160 |    11 ||   257
         Mephitic Cloud    |       |     8 |     2 ||    10
         Call Imp          |       |     2 |     2 ||     4
   Stab: Sleeping          |     1 |       |       ||     1
         Confused          |       |     1 |     2 ||     3
 Armour: Robe              |     7 |     8 |       ||    15
  Dodge: Dodged            |    12 |    47 |    10 ||    69

Table legend: (Time is in decaauts)
 A = Elapsed time spent in this place.
 B = Non-inter-level travel time spent in this place.
 C = Inter-level travel time spent in this place.
 D = Time resting spent in this place.
 E = Time spent auto-exploring this place.
 F = Levels seen in this place.
 G = Mean time per level.
                   A        B        C        D        E       F      G
               +--------+--------+--------+--------+--------+-----+--------+
         Total |   4020 |   3971 |     49 |    104 |   3278 |   4 | 1005.0 |
       Dungeon |   4020 |   3971 |     49 |    104 |   3278 |   4 | 1005.0 |
               +--------+--------+--------+--------+--------+-----+--------+

Top non-repeatable levels by time:
     D:3: 1270 daAuts
     D:1: 1135 daAuts
     D:2: 820 daAuts
     D:4: 794 daAuts
